 Dungeon Crawl Stone Soup version 0.29.0-5-ge4962eb29e (webtiles) character file.

Game seed: 11627897303531288702

91129 bearlyready the Brawler (level 15, -4/146 (153) HPs)
             Began as a Troll Berserker on Aug 28, 2022.
             Was the Champion of Trog.
             Slain by a profane servitor
             ... wielding a +2 whip
              (9 damage)
             ... on level 3 of the Abyss.
             The game lasted 00:42:39 (17189 turns).

bearlyready the Brawler (Troll Berserker)          Turns: 17189, Time: 00:42:40

HP:   -4/146 (153)  AC: 13    Str: 35    XL:     15   Next: 54%
MP:   14/14         EV: 12    Int:  6    God:    Trog [******]
Gold: 1500          SH:  0    Dex: 15    Spells: 14/14 levels left

rFire   + . .      SeeInvis +     - Unarmed
rCold   . . .      Faith    .   (no shield)
rNeg    . . .      Spirit   .   F - +0 steam dragon scales
rPois   +          Reflect  .   p - +2 hat {SInv}
rElec   .          Harm     .   L - +1 cloak
rCorr   .          Rampage  .   (gloves unavailable)
Will    +....                   (boots unavailable)
Stlth   +.........              T - amulet "Haede" {Acrobat rPois rF+ Regen+ Int+3}
HPRegen 1.94/turn               J - +6 ring of dexterity
MPRegen 0.14/turn               G - +4 ring of slaying

@: wreathed by umbra, lightly drained
A: large, unfitting armour, claws 3, regeneration 1, shaggy fur 1, tough skin 1
a: Renounce Religion, Berserk, Trog's Hand, Brothers in Arms


You were on level 3 of the Abyss.
You worshipped Trog.
Trog was exalted by your worship.
You visited 2 branches of the dungeon, and saw 18 of its levels.
You visited the Abyss 1 time.
You also visited: Sewer, Gauntlet, Ice Cave and Volcano.

You collected 1500 gold pieces.

Inventory:

Missiles
 m - 6 atropa-tipped darts
 r - 3 boomerangs (quivered)
 v - 63 poisoned darts
 H - 3 large rocks
 I - 3 silver javelins
 M - 7 curare-tipped darts
 Y - 6 javelins
Armour
 p - a +2 hat of see invisible (worn)
 F - +0 steam dragon scales (worn)
 L - a +1 cloak (worn)
 O - a +1 kite shield of fire resistance
Jewellery
 l - a ring of flight
 A - a ring of poison resistance
 D - a ring of see invisible
 G - a +4 ring of slaying (right claw)
 J - a +6 ring of dexterity (left claw)
 T - the amulet "Haede" (around neck) {Acrobat rPois rF+ Regen+ Int+3}
   (You found it in a Gauntlet)

   [amulet of the acrobat]

   It increases your evasion while moving and waiting.
   Int:       It affects your intelligence (+3).
   rF:        It protects you from fire.
   rPois:     It protects you from poison.
   Regen:     It increases your rate of health regeneration.
 V - a ring of protection from cold
 X - the ring of Hijisch {Ice rN+ Int+2}
   (You found it in a Gauntlet)

   [ring of ice]

   It enhances your ice magic.
   Int:       It affects your intelligence (+2).
   rF:        It makes you vulnerable to fire.
   rC:        It protects you from cold.
   rN:        It protects you from negative energy.
 Z - a ring of resist corrosion
Wands
 a - a wand of charming (5)
 g - a wand of acid (3)
 q - a wand of roots (23)
 N - a wand of polymorph (5)
 S - a wand of mindburst (15)
 U - a wand of flame (8)
Scrolls
 b - 2 scrolls of brand weapon
 e - 8 scrolls of teleportation
 i - 3 scrolls of enchant armour
 k - 6 scrolls of poison
 o - 5 scrolls of blinking
 y - 7 scrolls of enchant weapon
 E - 5 scrolls of vulnerability
 K - 4 scrolls of identify
 P - 2 scrolls of magic mapping
 R - a scroll of butterflies {unknown}
Potions
 c - 5 potions of magic
 d - 5 potions of flight
 f - 7 potions of haste
 h - 2 potions of resistance
 j - 13 potions of curing
 n - 7 potions of lignification
 s - 5 potions of heal wounds
 t - 5 potions of might
 u - 3 potions of invisibility
 w - 4 potions of mutation
 x - 5 potions of attraction
 z - a potion of berserk rage
 B - a potion of brilliance
 C - a potion of ambrosia
Miscellaneous
 Q - a tin of tremorstones (1/2)


   Skills:
 + Level 11.0 Fighting
 - Level 8.0 Throwing
 + Level 9.3 Armour
 + Level 6.6 Dodging
 + Level 18.5 Unarmed Combat
 - Level 6.0 Evocations


You had 14 spell levels left.
You didn't know any spells.
Your spell library contained the following spells:

 Spells                   Type           Power      Damage    Failure   Level
 Static Discharge         Conj/Air       0%         3-3/arc   58%         2
 Dispel Undead            Necr           0%         3d6       99%         4
 Sticky Flame             Conj/Fire      0%         2d3       99%         4


Dungeon Overview and Level Annotations

Branches:
Dungeon (13/15)            Temple (0/1) D:7            Lair (5/5) D:8
 Shoals (0/4) Lair:2        Snake (0/4) Lair:2        Slime (0/5) Lair:5
    Orc (0/2) D:10          Sewer (visited)           IceCv (visited)
Volcano (visited)         Gauntlet (visited)
 Vaults: D:13-14

Altars:
Fedhas
Hepliaklqana
Makhleb
Nemelex Xobeh
Ru
Sif Muna
Vehumet
Jiyva

Shops:
D:2 (

Portals:
Trove: D:12 (give 7 potions of haste)


Innate Abilities, Weirdness & Mutations

You are too large for most types of armour.
You have claws for hands.
Your natural rate of healing is unusually fast.
You are covered in fur. (AC +1)
You have tough skin. (AC +1)


Message History

The profane servitor hits you with a +2 whip.
* * * LOW HITPOINT WARNING * * *
You claw the profane servitor!
The profane servitor is almost destroyed.
The profane servitor hits you with a +2 whip!!
* * * LOW HITPOINT WARNING * * *
The profane servitor draws strength from your injuries!
The profane servitor hits you with a +2 whip.
* * * LOW HITPOINT WARNING * * *
Aiming: Fastroot
Press: ? - help, Shift-Dir - straight line
Okay, then.
Aiming: Corrosive Bolt
Press: ? - help, Shift-Dir - straight line, f - profane servitor
Aim: a profane servitor, wielding a +2 whip (severely damaged, umbra, 29% to hit)
The bolt of acid misses the profane servitor.
The profane servitor barely misses you.
The profane servitor hits you with a +2 whip.
* * * LOW HITPOINT WARNING * * *
Aiming: Corrosive Bolt
Press: ? - help, Shift-Dir - straight line, f/p - profane servitor
Aim: a profane servitor, wielding a +2 whip (severely damaged, umbra, 29% to hit)
The bolt of acid hits the profane servitor!
The acid corrodes the profane servitor!
The profane servitor is almost destroyed.
The profane servitor hits you but does no damage.
The profane servitor hits you with a +2 whip.
* * * LOW HITPOINT WARNING * * *
The profane servitor hits you with a +2 whip.
* * * LOW HITPOINT WARNING * * *
The profane servitor draws strength from your injuries!
The profane servitor hits you but does no damage.
Aiming: Corrosive Bolt
Press: ? - help, Shift-Dir - straight line, f/p - profane servitor
Aim: a profane servitor, wielding a +2 whip (almost destroyed, covered in acid, umbra, 29% to hit)
The bolt of acid hits the profane servitor!
The profane servitor seems to be corroded for longer.
The profane servitor is almost destroyed.
The profane servitor hits you with a +2 whip!
You die...

... # #.. ....#
#.. ... # . ..
#. .. # . ...
###### .#.#
....#.†...# #.
#. #.....### #
###......## X #
##....@A# # .
.###.#..........
# # ###.##.....
# # ... ### ....
. ..#.# . .##. .
.# # .. . # #.
..#. ###.### #


You could see a profane servitor (corroded).

Vanquished Creatures
  Gastronok (D:8)
  2 tentacled starspawn
  Kirke (Lair:3)
  A reaper (IceCv)
  7 starcursed masses
  2 dire elephants (Lair:5)
  The ghost of Zapai the Nimble, a journeyman DgAr (Lair:2)
  9 hydras
  A vault guard (D:13)
  3 boulder beetles
  A catoblepas (D:10)
  2 ogre magi
  7 two-headed ogres
  A centaur warrior (D:13)
  2 thrashing horrors (Abyss:3)
  5 death yaks (Lair:5)
  A hell knight (Volcano)
  The ghost of TheOneDM the Basher, a novice MiFi of the Shining One (D:7)
  A salamander mystic (Volcano)
  A wretched star (Abyss:3)
  Amaemon (Lair:3)
  A spectral anaconda (Lair:5)
  4 skeletal warriors (D:12)
  A spectral death yak (Lair:5)
  An obsidian statue (Lair:5)
  Pikel (D:9)
  4 necromancers (Lair:5)
  A deep elf pyromancer (D:13)
  An oklob plant (Lair:3)
  4 salamanders (Volcano)
  An ugly thing (D:11)
  A manticore (D:8)
  13 elephants
  3 black mambas
  Joseph (D:8)
  A rust devil (Gauntlet)
  2 ice statues (IceCv)
  Maurice (D:11)
  An orange demon (Lair:3)
  2 dire elephant skeletons (Lair:5)
  10 cane toads
  The ghost of WilliamBlazkowicz the Shooter, a novice HuHu of Vehumet (D:5)
  A torpor snail (Lair:5)
  An efreet (D:13)
  2 kobold demonologists
  5 gargoyles
  3 rime drakes
  8 ice devils (IceCv)
  A yaktaur (D:13)
  5 komodo dragons
  An anaconda simulacrum (IceCv)
  A tengu conjurer (D:13)
  5 trolls
  3 polar bears
  A spectral elephant (Lair:5)
  4 slime creatures (D:12)
  Prince Ribbit (D:5)
  12 dream sheep (Lair:5)
  11 blink frogs
  2 shadows (D:11)
  A ynoxinul (Gauntlet)
  4 wraiths
  7 wyverns
  A small abomination (Abyss:2)
  A hog (Lair:3)
  61 yaks
  A fire bat (Gauntlet)
  3 steam dragons
  Grum (D:11)
  2 basilisks
  11 vampire mosquitoes
  3 death yak simulacra
  A spectral cane toad (Lair:5)
  A harpy simulacrum (IceCv)
  A warg (D:10)
  3 nagas (Lair:2)
  15 water moccasins
  A hydra simulacrum (IceCv)
  A hell hound (Abyss:3)
  A sky beast (D:6)
  3 ice beasts
  4 black bears
  8 orc warriors
  11 ogres
  An elephant skeleton (Lair:5)
  7 wolves
  A lemure (D:9)
  2 phantoms
  3 centaurs
  14 kobold brigands
  7 bullfrogs
  A gnoll sergeant (D:8)
  A necrophage (D:7)
  8 scorpions
  A two-headed ogre simulacrum (IceCv)
  5 cane toad simulacra
  12 wights
  14 killer bees
  3 elephant simulacra
  5 howler monkeys
  A quasit (Abyss:3)
  2 iron imps (Gauntlet)
  5 hounds
  7 orc priests
  3 jellies
  11 orc wizards
  Terence (D:2)
  6 iguanas
  8 hell rats
  Natasha (thrice) (D:4)
  4 spriggan simulacra
  3 troll simulacra
  A polar bear simulacrum (D:13)
  2 wolf simulacra
  A boggart simulacrum (D:13)
  10 adders
  9 gnolls
  6 naga simulacra
  A shadow imp (D:6)
  11 white imps
  2 ufetubi
  2 worms
  2 dart slugs (D:3)
  31 orcs
  12 ball pythons
  7 bats
  6 endoplasms
  5 giant cockroaches
  5 goblins
  7 hobgoblins
  33 kobolds
  4 quokkas
  14 frilled lizards
  7 rats
636 creatures vanquished.

Vanquished Creatures (collateral kills)
  A minotaur (Gauntlet)
  A green death (Gauntlet)
  A cane toad (Lair:2)
  3 yaks (Lair:2)
6 creatures vanquished.

Vanquished Creatures (others)
  A gargoyle (D:10)
  A centaur simulacrum (D:13)
  A human (Lair:3)
  2 demonic plants (Abyss:3)
  20 fungi
  45 plants
  4 starspawn tentacles
  23 withered plants (Lair:5)
97 creatures vanquished.

Grand Total: 739 creatures vanquished

Notes
Turn   | Place    | Note
-------+----------+-------------------------------------------
     0 | D:1      | bearlyready the Troll Berserker began the quest for the
                  | Orb.
     0 | D:1      | Reached XP level 1. HP: 22/22 MP: 0/0
    83 | D:1      | Reached XP level 2. HP: 29/29 MP: 1/1
   281 | D:1      | Reached skill level 4 in Unarmed Combat
   657 | D:1      | Reached XP level 3. HP: 36/36 MP: 2/2
   658 | D:1      | Found a faded altar of an unknown god.
   765 | D:2      | Found Yxkerchi's Weapon Shop.
   864 | D:2      | Noticed Terence
   871 | D:2      | Killed Terence
   872 | D:2      | Reached skill level 5 in Unarmed Combat
   872 | D:2      | Reached XP level 4. HP: 40/44 MP: 3/3
  1296 | D:3      | Noticed a black bear
  1300 | D:3      | Killed a black bear
  1301 | D:3      | Reached skill level 6 in Unarmed Combat
  1301 | D:3      | Reached XP level 5. HP: 50/50 MP: 4/4
  1304 | D:3      | Reached ** piety under Trog
  1522 | D:3      | Found a glowing drain.
  1568 | Sewer    | Entered a sewer
  1761 | Sewer    | Reached *** piety under Trog
  2136 | D:4      | Reached XP level 6. HP: 59/59 MP: 5/5
  2193 | D:4      | Noticed Natasha
  2197 | D:4      | Killed Natasha
  2198 | D:4      | Reached skill level 7 in Unarmed Combat
  2270 | D:4      | Noticed Natasha
  2282 | D:4      | Killed Natasha
  2534 | D:4      | Noticed Natasha
  2555 | D:4      | Killed Natasha
  2556 | D:4      | Reached skill level 8 in Unarmed Combat
  2556 | D:4      | Reached XP level 7. HP: 18/66 MP: 6/6
  3084 | D:5      | Entered Level 5 of the Dungeon
  3161 | D:5      | Noticed WilliamBlazkowicz's ghost (novice HuHu)
  3163 | D:5      | Found a transporter.
  3205 | D:5      | Found a transporter.
  3232 | D:5      | Reached skill level 9 in Unarmed Combat
  3313 | D:5      | Found a blossoming altar of Fedhas.
  3313 | D:5      | Found a radiant altar of Vehumet.
  3321 | D:5      | Found a hazy altar of Hepliaklqana.
  3323 | D:5      | Found a sparkling altar of Nemelex Xobeh.
  3325 | D:5      | Found a faded altar of an unknown god.
  3387 | D:5      | Found a sacrificial altar of Ru.
  3456 | D:5      | Found a burning altar of Makhleb.
  3512 | D:5      | Identified the +7 chain mail of Targhistri {rF+ rN+ Int-3
                  | Dex+4}
  3711 | D:6      | Reached **** piety under Trog
  3712 | D:6      | Reached XP level 8. HP: 25/74 MP: 7/7
  3734 | D:6      | Reached skill level 10 in Unarmed Combat
  3810 | D:6      | Noticed Prince Ribbit
  3874 | D:5      | Killed Prince Ribbit
  3910 | D:6      | Reached skill level 11 in Unarmed Combat
  4432 | D:6      | Reached skill level 12 in Unarmed Combat
  4441 | D:6      | Reached XP level 9. HP: 65/80 MP: 8/8
  4886 | D:7      | Reached skill level 13 in Unarmed Combat
  5034 | D:7      | Found a runed translucent gate.
  5034 | D:7      | Found a runed translucent gate.
  5035 | D:7      | Found a runed translucent gate.
  5036 | D:7      | Noticed a kobold demonologist
  5037 | D:7      | Noticed TheOneDM's ghost (novice MiFi)
  5102 | D:7      | Found a staircase to the Ecumenical Temple.
  5176 | D:7      | Noticed a troll
  5189 | D:7      | Killed a troll
  5190 | D:7      | Reached skill level 1 in Throwing
  5190 | D:7      | Reached skill level 14 in Unarmed Combat
  5304 | D:7      | Reached ***** piety under Trog
  5315 | D:7      | Reached XP level 10. HP: 72/88 MP: 9/9
  5425 | D:7      | Found a shimmering blue altar of Sif Muna.
  5602 | D:8      | Noticed a two-headed ogre
  5614 | D:8      | Killed a two-headed ogre
  5939 | D:8      | Noticed a manticore
  5953 | D:8      | Killed a manticore
  6142 | D:8      | Noticed Gastronok
  6152 | D:8      | Killed Gastronok
  6153 | D:8      | Reached skill level 5 in Throwing
  6162 | D:8      | Reached skill level 5 in Fighting
  6309 | D:8      | Reached skill level 15 in Unarmed Combat
  6311 | D:8      | Reached XP level 11. HP: 102/102 MP: 10/10
  6325 | D:8      | Noticed Joseph
  6344 | D:8      | Killed Joseph
  6455 | D:8      | Found a staircase to the Lair.
  6832 | D:9      | Noticed Pikel
  6842 | D:9      | Killed Pikel
  7357 | D:10     | Entered Level 10 of the Dungeon
  7492 | D:10     | Found a staircase to the Orcish Mines.
  7537 | D:10     | Reached skill level 1 in Armour
  7778 | D:10     | Noticed a two-headed ogre
  7779 | D:10     | Noticed a boulder beetle
  7779 | D:10     | Noticed a catoblepas
  7787 | D:10     | Killed a two-headed ogre
  7790 | D:10     | Killed a boulder beetle
  7791 | D:10     | Reached skill level 1 in Evocations
  7791 | D:10     | Noticed a two-headed ogre
  7793 | D:10     | Noticed a two-headed ogre
  7795 | D:10     | Killed a catoblepas
  7799 | D:10     | Killed a two-headed ogre
  7802 | D:10     | Killed a two-headed ogre
  7803 | D:10     | Reached XP level 12. HP: 115/115 MP: 11/11
  7839 | D:10     | Found the +6 shillelagh "Devastator" {shatter}
  8461 | D:11     | Noticed an ogre mage
  8461 | D:11     | Noticed a two-headed ogre
  8462 | D:11     | Noticed a two-headed ogre
  8467 | D:11     | Killed an ogre mage
  8469 | D:11     | Killed a two-headed ogre
  8470 | D:11     | Killed a two-headed ogre
  8628 | D:11     | Reached skill level 16 in Unarmed Combat
  8693 | D:11     | Noticed Grum
  8701 | D:11     | Killed Grum
  8703 | D:11     | Noticed Maurice
  8712 | D:11     | Killed Maurice
  9120 | D:12     | Noticed a boulder beetle
  9130 | D:12     | Killed a boulder beetle
  9216 | D:12     | Noticed a boulder beetle
  9224 | D:12     | Killed a boulder beetle
  9245 | D:12     | You fall into a shaft and drop 1 floor!
  9259 | D:13     | Found a frozen archway.
  9354 | D:13     | Reached ****** piety under Trog
  9374 | D:13     | Received a gift from Trog
  9381 | D:13     | Found a gate leading to a gauntlet.
  9386 | Gauntlet | Entered a Gauntlet
  9386 | Gauntlet | Found a transporter.
  9386 | Gauntlet | Found a transporter.
  9388 | Gauntlet | Found a transporter.
  9391 | Gauntlet | Found a transporter.
  9392 | Gauntlet | Found a transporter.
  9392 | Gauntlet | Found a transporter.
  9424 | Gauntlet | Found a runed translucent door.
  9424 | Gauntlet | Found a runed translucent door.
  9428 | Gauntlet | Found a transporter.
  9432 | Gauntlet | Found a transporter.
  9437 | Gauntlet | Noticed a green death
  9440 | Gauntlet | Found a transporter.
  9457 | Gauntlet | Found a transporter.
  9472 | Gauntlet | Found a transporter.
  9476 | Gauntlet | Found a transporter.
  9669 | Gauntlet | Identified the ring of Hijisch {Ice rN+ Int+2}
  9672 | Gauntlet | Noticed a minotaur
  9687 | Gauntlet | Killed a minotaur
  9689 | Gauntlet | Killed a green death
  9690 | Gauntlet | Reached skill level 5 in Armour
  9707 | Gauntlet | Identified the amulet "Haede" {Acrobat rPois rF+ Regen+
                  | Int+3}
  9781 | IceCv    | Entered an ice cave
  9865 | IceCv    | Reached XP level 13. HP: 127/127 MP: 12/12
 10021 | IceCv    | Noticed a reaper
 10031 | IceCv    | Killed a reaper
 10635 | D:12     | Found a portal to a secret trove of treasure.
 10653 | D:12     | Reached skill level 5 in Evocations
 10785 | D:12     | Identified the +1 chain mail of the Unseen Realm {Drain
                  | rC++ Will+ Str+4}
 11089 | D:12     | Received a gift from Trog
 11164 | Lair:1   | Entered Level 1 of the Lair of Beasts
 11272 | Lair:1   | Found a dark tunnel.
 11281 | Volcano  | Entered a volcano
 11473 | Volcano  | Reached skill level 17 in Unarmed Combat
 12150 | Lair:2   | Noticed Zapai's ghost (journeyman DgAr)
 12154 | Lair:2   | Found a runed translucent gate.
 12154 | Lair:2   | Found a runed translucent gate.
 12154 | Lair:2   | Found a runed translucent gate.
 12410 | Lair:2   | Found a staircase to the Shoals.
 12586 | Lair:2   | Found a staircase to the Snake Pit.
 12619 | Lair:2   | Reached XP level 14. HP: 140/140 MP: 13/13
 13060 | Lair:2   | Killed Zapai's ghost
 13226 | Lair:3   | Noticed Kirke
 13241 | Lair:3   | Killed Kirke
 13241 | Lair:3   | Received a gift from Trog
 13328 | Lair:3   | Noticed Amaemon
 13344 | Lair:3   | Killed Amaemon
 14642 | Lair:5   | Entered Level 5 of the Lair of Beasts
 14669 | Lair:5   | Found a viscous altar of Jiyva.
 14714 | Lair:5   | Reached skill level 10 in Fighting
 14730 | Lair:5   | Found a staircase to the Slime Pits.
 15090 | Lair:5   | Reached skill level 5 in Dodging
 15191 | Lair:5   | Reached skill level 18 in Unarmed Combat
 15573 | Lair:5   | Reached XP level 15. HP: 152/152 MP: 14/14
 15646 | Lair:5   | Identified the +8 broad axe of Orb Guardian's Bane {flame,
                  | Drain +Blink Will+++ Str+5} (Trog gifted it to you on level
                  | 5 of the Lair of Beasts)
 15646 | Lair:5   | Received a gift from Trog
 16351 | D:5      | Killed WilliamBlazkowicz's ghost
 16450 | D:7      | Killed TheOneDM's ghost
 16797 | Abyss:2  | Cast into level 2 of the Abyss (a wizard)
 16917 | Abyss:2  | Noticed a tentacled starspawn
 16932 | Abyss:2  | Killed a tentacled starspawn
 17021 | Abyss:3  | Found a corrupted altar of Lugonu.
 17060 | Abyss:3  | Noticed a tentacled starspawn
 17065 | Abyss:3  | Killed a tentacled starspawn
 17170 | Abyss:3  | Noticed a profane servitor
 17186 | Abyss:3  | HP: 5/146 [profane servitor/+2 whip (5)]
 17189 | Abyss:3  | Slain by a profane servitor

Illustrated notes

Levels and vault maps discovered:
D:1:      ebering_trefoil_twist, layout_loops_ring,
          shapermc_ecumenical_altar_petra, minmay_lizard_pond
D:2:      layout_basic, serial_shops, shop, grunt_ministairs_6, uniq_terence
D:3:      layout_rooms, gup_sewer_entry_glass, minmay_misc_feat_alley,
          dk_noncrumbling_4
D:4:      layout_basic, minmay_stone_trees_medium, kennysheep_generic_room_14,
          uniq_natasha
D:5:      layout_rooms, old_standard_altar, kennysheep_mini_moat,
          chequers_temple_overflow_minitemple, gammafunk_ghost_smash
D:6:      layout_basic, uniq_prince_ribbit1
D:7:      layout_rooms, led_sif_pool, minmay_temple_entry_glassed_door,
          gammafunk_ghost_nasty_kobolds, minmay_chambers_of_fives
D:8:      minmay_chambers_of_fours, layout_cave_pools,
          grunt_lair_entry_orc_guard_hut, patterned_corridor, uniq_joseph,
          uniq_gastronok
D:9:      layout_roguey, kennysheep_path_1, uniq_pikel
D:10:     minmay_roctagon, layout_loops_ring, david_orc_1_choice,
          corexii_corridor_pit
D:11:     layout_loops_ring, uniq_maurice, uniq_grum
D:12:     layout_rooms, nicolae_trove_entry_free_sample, serial_curves,
          eino_curves_04, eino_curves_03, eino_curves_01
D:13:     layout_loops_ring, grunt_vaults_entry_fortified,
          gauntlet_entry_generic, serial_ice, serial_ice_f, serial_ice_n,
          serial_ice_g, serial_ice_a, serial_ice_h, serial_ice_d, serial_ice_j,
          serial_ice_o, serial_ice_c, serial_ice_b,
          portal_ice_cave_entry_ice_simulacra
Lair:1:   layout_chaotic_city, nicolae_volcano_entry_lava_flow
Lair:2:   layout_hall_layers, shoals_dummy_entry, guppyfry_snake_entry_garden,
          gammafunk_ghost_split, serial_bayou_lake_a, serial_bayou_shore_a
Lair:3:   layout_chaotic_city, st_stairs_3, uniq_amaemon, uniq_kirke
Lair:4:   layout_hall_layers
Lair:5:   due_jungle_book, layout_concentric_octagons, slime_entry_1,
          serial_bayou_shore_b
Abyss:3:  base: D:4, evilmike_abyss_exit_2, minivault_26, minivault_28,
          hangedman_grunt_abyss_rune_horror_hoard,
          hangedman_grunt_abyss_rune_horror_hoard,
          guppyfry_abyss_exit_spiral_guarded, guppyfry_abyss_exit_glass_guarded,
          guppyfry_abyss_exit_glass_guarded, evilmike_abyss_exit_plants,
          due_evilmike_abyss_rune_seething_liches

Skill      XL: |  1  2  3  4  5  6  7  8  9 10 11 12 13 14 15 |
---------------+----------------------------------------------+-----
Unarmed Combat | 4 5 6 8 9 12 14 15 16 17 18 | 18.5
Throwing       | 2 5 7 8 |  8.0
Fighting       | 5 6 8 9 10 11 | 11.0
Armour         | 2 5 6 8 9 |  9.3
Evocations     | 1 4 6 |  6.0
Dodging        | 5 6 |  6.6

Action                   |  1- 3 |  4- 6 |  7- 9 | 10-12 | 13-15 || total
-------------------------+-------+-------+-------+-------+-------++-------
Melee: Unarmed           |    90 |   161 |   227 |   432 |   700 ||  1610
       Punch             |     3 |     3 |     7 |    29 |    85 ||   127
Throw: Stone             |       |     1 |       |     1 |       ||     2
       Dart              |       |       |     3 |     6 |     2 ||    11
       Boomerang         |       |       |       |     5 |    46 ||    51
       Javelin           |       |       |       |       |    29 ||    29
Invok: Berserk           |     1 |     1 |     3 |     5 |     4 ||    14
       Brothers in Arms  |       |       |       |     2 |     1 ||     3
       Trog's Hand       |       |       |       |     1 |       ||     1
Evoke: Wand              |       |       |       |     5 |     8 ||    13
       Tin of tremorston |       |       |       |     2 |     3 ||     5
  Use: Scroll            |       |     7 |     5 |    11 |     9 ||    32
       Potion            |       |       |     1 |       |     1 ||     2
 Stab: Sleeping          |       |       |     1 |       |       ||     1
Armor: Animal skin       |    40 |    63 |    32 |       |       ||   135
       Steam dragon scal |       |       |    27 |   108 |   260 ||   395
Dodge: Dodged            |    57 |    68 |   114 |   183 |   485 ||   907
